 Dungeon Crawl Stone Soup version 0.27-a0-767-g00efbec225 (webtiles) character file.

Game seed: 18183247067556759901

2130 Aggronaut the Martial Artist (level 9, -3/70 HPs)
             Began as a Demonspawn Wanderer on Mar 25, 2021.
             Was an Initiate of Makhleb.
             Slain by Prince Ribbit (11 damage)
             ... on level 6 of the Dungeon.
             The game lasted 00:24:14 (8799 turns).

Aggronaut the Martial Artist (Demonspawn Wanderer)  Turns: 8799, Time: 00:24:14

Health: -3/70      AC:  6    Str: 14    XL:     9   Next: 8%
Magic:  0/9        EV: 11    Int: 12    God:    Makhleb [......]
Gold:   225        SH:  0    Dex: 26    Spells: 8/8 levels left

rFire    + . .     SeeInvis .     - Unarmed
rCold    . . .     Faith    .   (no shield)
rNeg     . . .     Spirit   +   q - +0 steam dragon scales
rPois    .         Reflect  .   (no helmet)
rElec    .         Harm     .   (no cloak)
rCorr    .         Rampage  .   (no gloves)
Will     +....                  g - +0 pair of boots
Stlth    ++........             i - amulet of guardian spirit
HPRegen  0.21/turn              k - ring of protection from fire
MPRegen  0.11/turn              m - ring of Ytheeri {Will+ Dex+10}

@: mighty
A: claws 2, sturdy frame 2, robust 1, evolution 1, no potion heal 1
a: Renounce Religion


You were on level 6 of the Dungeon.
You worshipped Makhleb.
Makhleb was noncommittal.
You visited 1 branch of the dungeon, and saw 6 of its levels.

You collected 225 gold pieces.

Inventory:

Hand Weapons
 a - a +2 vorpal hand crossbow
Missiles
 b - 45 bolts
 p - 15 poisoned darts (quivered)
Armour
 g - a +0 pair of boots (worn)
 q - +0 steam dragon scales (worn)
Jewellery
 i - an amulet of guardian spirit (around neck)
 k - a ring of protection from fire (right claw)
 m - the ring of Ytheeri (left claw) {Will+ Dex+10}
   (You found it on level 5 of the Dungeon)

   [ring of willpower]

   It affects your dexterity (+10).
   It affects your willpower, your defense against some magical effects.
Wands
 c - a wand of flame (25)
Scrolls
 h - 2 scrolls of immolation
 l - a scroll of vulnerability {unknown}
 r - a scroll of blinking {unknown}
 s - a scroll of magic mapping {unknown}
 u - a scroll of enchant weapon {unknown}
Potions
 d - 2 potions of lignification
 j - a potion of attraction
 o - 2 potions of curing


   Skills:
 - Level 3.2 Fighting
 - Level 7.4 Crossbows
 - Level 1.0 Throwing
 - Level 1.0 Armour
 - Level 8.8 Unarmed Combat
 * Level 0.2 Invocations
 - Level 1.0 Evocations


You had 8 spell levels left.
You didn't know any spells.
Your spell library was empty.

Dungeon Overview and Level Annotations

Branches:
Dungeon (6/15)
 Temple: D:4-7

Altars:
Ashenzari
Cheibriados
Elyvilon
Gozag
Hepliaklqana
Makhleb
Qazlal
Uskayaw
Xom
Zin

Shops:
D:6 *

Annotations:
D:6 Prince Ribbit, Sigmund


Innate Abilities, Weirdness & Mutations

You have very sharp fingernails.
Your movements are less encumbered by armour. (ER -4)
You are robust. (+10% HP)
You evolve.
Potions are less effective at restoring your health.


Message History

Prince Ribbit is lightly wounded.
Prince Ribbit misses you. Prince Ribbit hits you!
You claw Prince Ribbit!
Prince Ribbit is moderately wounded.
Prince Ribbit hits you!
You claw Prince Ribbit!
Prince Ribbit is heavily wounded.
Prince Ribbit barely misses you.
You closely miss Prince Ribbit.
Prince Ribbit is heavily wounded.
Prince Ribbit misses you.
You barely miss Prince Ribbit.
Prince Ribbit is heavily wounded.
Prince Ribbit hits you.
You barely miss Prince Ribbit.
Prince Ribbit is heavily wounded.
Prince Ribbit barely misses you. Prince Ribbit hits you!
* * * LOW HITPOINT WARNING * * *
You miss Prince Ribbit.
Prince Ribbit is heavily wounded.
Prince Ribbit blinks!
You feel very mighty all of a sudden.
Your system partially rejects the healing.
You feel better.
You miss Prince Ribbit.
Prince Ribbit is heavily wounded.
Prince Ribbit hits you!
* * * LOW HITPOINT WARNING * * *
You closely miss Prince Ribbit.
Prince Ribbit is heavily wounded.
Prince Ribbit hits you!
* * * LOW HITPOINT WARNING * * *
You miss Prince Ribbit.
Prince Ribbit is heavily wounded.
Prince Ribbit closely misses you. Prince Ribbit hits you.
* * * LOW HITPOINT WARNING * * *
You scratch Prince Ribbit.
Prince Ribbit is heavily wounded.
Prince Ribbit hits you!
You die...

. .. .. .#
...... #.#.#.#
###....#### .#
#......########
.#
#.......F.....#
.#
#....#.######.#
.# #..#.#.# #@#
.###......# #F#
........### #.#
##.##.#.# #.#
#.##.#.# #.#
#.##.#.# #.#
##.##.#.## ..#
.........# ###
.........#


You could see Prince Ribbit.

Vanquished Creatures
  Pikel (D:4)
  Maggie (D:6)
  An ice beast (D:5)
  A black bear (D:5)
  A necrophage (D:5)
  3 ogres
  A lemure (D:4)
  2 phantoms
  2 water moccasin zombies (D:5)
  A howler monkey (D:4)
  2 hounds (D:4)
  A jelly (D:4)
  A centaur skeleton (D:4)
  3 iguanas
  2 bullfrog skeletons (D:5)
  Natasha (thrice) (D:4)
  A killer bee zombie (D:6)
  Robin (D:4)
  3 gnolls (D:2)
  8 adders
  A howler monkey skeleton (D:4)
  2 shadow imps (D:5)
  A white imp (D:5)
  An ufetubus (D:6)
  3 worms
  7 dart slugs
  3 orcs
  6 bats
  2 endoplasms (D:2)
  A giant cockroach (D:1)
  13 goblins
  9 hobgoblins
  8 jackals
  A quokka (D:3)
  5 ball pythons
  4 frilled lizards
  4 kobolds
  6 rats
116 creatures vanquished.

Vanquished Creatures (others)
  13 plants
13 creatures vanquished.

Grand Total: 129 creatures vanquished

Notes
Turn   | Place    | Note
-------+----------+-------------------------------------------
     0 | D:1      | Aggronaut the Demonspawn Wanderer began the quest for the
                  | Orb.
     0 | D:1      | Aggronaut set off with the following items: a +2 hand
                  | crossbow, 25 bolts, a +0 hand axe, a potion of
                  | lignification, a +0 robe
     0 | D:1      | Reached XP level 1. HP: 18/18 MP: 1/1
   448 | D:1      | Gained mutation: You have sharp fingernails. [demonic
                  | ancestry]
   448 | D:1      | Reached XP level 2. HP: 11/24 MP: 2/2
  1516 | D:2      | Reached skill level 1 in Unarmed Combat
  1717 | D:2      | Reached XP level 3. HP: 23/29 MP: 3/3
  2084 | D:2      | Reached skill level 2 in Unarmed Combat
  2086 | D:2      | Gained mutation: Your movements are slightly less
                  | encumbered by armour. (ER -2) [demonic ancestry]
  2086 | D:2      | Reached XP level 4. HP: 35/35 MP: 4/4
  3151 | D:3      | Reached skill level 3 in Unarmed Combat
  3734 | D:3      | Reached XP level 5. HP: 41/41 MP: 5/5
  4199 | D:4      | Noticed a phantom
  4225 | D:4      | Killed a phantom
  4566 | D:4      | Found an opulent altar of Gozag.
  4578 | D:4      | Reached skill level 4 in Unarmed Combat
  4855 | D:4      | Gained mutation: You have very sharp fingernails. [demonic
                  | ancestry]
  4855 | D:4      | Reached XP level 6. HP: 43/47 MP: 6/6
  4857 | D:4      | Noticed Robin
  4871 | D:4      | Killed Robin
  4872 | D:4      | Reached skill level 5 in Crossbows
  5130 | D:4      | Noticed Natasha
  5141 | D:4      | Killed Natasha
  5337 | D:4      | Reached skill level 5 in Unarmed Combat
  5577 | D:4      | Gained mutation: Your movements are less encumbered by
                  | armour. (ER -4) [demonic ancestry]
  5577 | D:4      | Reached XP level 7. HP: 24/52 MP: 7/7
  5773 | D:4      | Noticed Natasha
  5853 | D:4      | Killed Natasha
  5898 | D:4      | Noticed Pikel
  5932 | D:4      | HP: 2/52 [Pikel/+1 whip of freezing (1)]
  5951 | D:4      | HP: 1/52 [lemure[Pikel] (4)]
  5986 | D:4      | Found a hazy altar of Hepliaklqana.
  5987 | D:4      | Found a snail-covered altar of Cheibriados.
  5989 | D:4      | Found a stormy altar of Qazlal.
  5990 | D:4      | Found a hide-covered altar of Uskayaw.
  5993 | D:4      | Gained mutation: You tend to lose your temper in combat.
                  | [potion of mutation]
  5993 | D:4      | Gained mutation: You are clumsy. (Dex -2) [potion of
                  | mutation]
  5993 | D:4      | Lost mutation: You are clumsy. (Dex -2) [potion of
                  | mutation]
  5993 | D:4      | Gained mutation: Your spells are a little harder to cast,
                  | but a little more powerful. [potion of mutation]
  6009 | D:4      | Found a burning altar of Makhleb.
  6010 | D:4      | Found a broken altar of Ashenzari.
  6351 | D:4      | Killed Pikel
  6352 | D:4      | Reached skill level 6 in Unarmed Combat
  6352 | D:4      | Reached XP level 8. HP: 20/58 MP: 8/8
  6551 | D:4      | Became a worshipper of Makhleb the Destroyer
  6668 | D:4      | Noticed Natasha
  6674 | D:4      | Killed Natasha
  7003 | D:5      | Entered Level 5 of the Dungeon
  7079 | D:5      | Reached skill level 7 in Unarmed Combat
  7079 | D:5      | Found a shimmering altar of Xom.
  7427 | D:5      | Lost mutation: You tend to lose your temper in combat.
                  | [potion of mutation]
  7427 | D:5      | Lost mutation: Your spells are a little harder to cast, but
                  | a little more powerful. [potion of mutation]
  7427 | D:5      | Gained mutation: Potions are less effective at restoring
                  | your health. [potion of mutation]
  7427 | D:5      | Gained mutation: You evolve. [potion of mutation]
  7781 | D:5      | Gained mutation: You are robust. (+10% HP) [evolution]
  7973 | D:5      | Reached skill level 8 in Unarmed Combat
  8042 | D:5      | HP: 2/63 [ogre/+0 giant club (21)]
  8081 | D:5      | HP: 1/63 [ogre/+0 giant club (9)]
  8385 | D:5      | Identified the ring of Ytheeri {Will+ Dex+10}
  8558 | D:6      | Noticed Maggie
  8584 | D:6      | Killed Maggie
  8585 | D:6      | Reached XP level 9. HP: 66/70 MP: 7/9
  8694 | D:6      | Found Fujumyc's Assorted Antiques.
  8694 | D:6      | Noticed Sigmund
  8768 | D:6      | Noticed Prince Ribbit
  8799 | D:6      | Slain by Prince Ribbit

Illustrated notes

Levels and vault maps discovered:
D:1:      eino_arrival_druids_welcome, layout_loops_ring,
          serial_co_window_serial, co_window_paths_b, co_window_corner_a,
          co_window_paths_a, co_window_paths_a, co_window_paths_b,
          co_window_corner_b, co_window_of_opportunity_c, co_window_paths_c,
          co_window_4corner_a, co_window_paths_d, glass_columns_b,
          glass_columns_a, glass_columns_a, glass_columns_b, glass_columns_a,
          minmay_indecisive_spiral
D:2:      layout_loops_ring, chequers_serial_rivers_micro_e
D:3:      layout_basic, serial_bayou, serial_bayou_pond_d, serial_bayou_pond_c,
          serial_bayou_pond_b, serial_bayou_shore_b
D:4:      layout_loops_cross, grunt_temple_overflow_gold_and_silver,
          grunt_temple_overflow_octagram, serial_bayou_crossing, uniq_natasha,
          uniq_robin, uniq_pikel
D:5:      layout_cave_pools, basic_altar, serial_bayou, serial_bayou_pond_a,
          serial_bayou_pond_d, serial_bayou_shore_b, serial_bayou_pond_c,
          st_stairs_8, minmay_fractal_squares_gapless_5
D:6:      layout_loops_ring, palyth_temple_overflow_mages, serial_shops, shop,
          uniq_edmund, uniq_prince_ribbit1, uniq_sigmund, uniq_maggie

Skill      XL: |  1  2  3  4  5  6  7  8 |
---------------+-------------------------+-----
Crossbows      | 4 5 6 7 |  7.4
Unarmed Combat | 1 2 3 4 5 6 8 |  8.8
Fighting       | |  3.2
Throwing       | |  1.0
Armour         | |  1.0
Invocations    | |  0.2
Evocations     | |  1.0

Action                   |  1- 3 |  4- 6 |  7- 9 || total
-------------------------+-------+-------+-------++-------
Melee: Hand axe          |    19 |       |       ||    19
       Unarmed           |    99 |   196 |   212 ||   507
       Punch             |     1 |     1 |     6 ||     8
 Fire: Hand crossbow     |     9 |     2 |     5 ||    16
  Use: Potion            |     2 |     3 |    12 ||    17
       Scroll            |     1 |     3 |     7 ||    11
 Stab: Sleeping          |       |       |     1 ||     1
Armor: Robe              |    31 |       |       ||    31
       Ring mail         |    16 |    61 |    26 ||   103
       Skin              |    11 |     4 |       ||    15
       Steam dragon scal |       |       |     2 ||     2
Dodge: Dodged            |    59 |    66 |    92 ||   217

Table legend: (Time is in decaauts)
 A = Elapsed time spent in this place.
 B = Non-inter-level travel time spent in this place.
 C = Inter-level travel time spent in this place.
 D = Time resting spent in this place.
 E = Time spent auto-exploring this place.
 F = Levels seen in this place.
 G = Mean time per level.
                   A        B        C        D        E       F      G
               +--------+--------+--------+--------+--------+-----+--------+
         Total |   8766 |   8629 |    137 |   3705 |   3229 |   6 | 1461.0 |
       Dungeon |   8766 |   8629 |    137 |   3705 |   3229 |   6 | 1461.0 |
               +--------+--------+--------+--------+--------+-----+--------+

Top non-repeatable levels by time:
     D:4: 2965 daAuts
     D:5: 1542 daAuts
     D:1: 1476 daAuts
     D:3: 1350 daAuts
     D:2: 1197 daAuts
     D:6: 234 daAuts
